 Dungeon Crawl Stone Soup version 0.23.2-33-g5129a83184 (webtiles) character file.

Game seed: 1504177729574853462

1188 DorianNounverber the Thaumaturge (level 8, -1/43 HPs)
             Began as a Deep Elf Wizard on July 7, 2019.
             Was a Follower of Sif Muna.
             Slain by an orc warrior
             ... wielding a +0 glaive
              (25 damage)
             ... on level 6 of the Dungeon.
             The game lasted 00:14:31 (7040 turns).

DorianNounverber the Thaumaturge (Deep Elf Wizard)  Turns: 7040, Time: 00:14:32

Health: -1/43      AC:  7    Str:  4    XL:     8   Next: 19%
Magic:  13/23      EV: 14    Int: 26    God:    Sif Muna [*.....]
Gold:   179        SH:  0    Dex: 13    Spells: 25/26 levels left

rFire    . . .     SeeInvis .   i - +1 short sword (venom)
rCold    . . .     Gourm    .   (no shield)
rNeg     . . .     Faith    .   a - +0 robe
rPois    .         Spirit   .   b - +0 hat
rElec    .         Reflect  .   (no cloak)
rCorr    .         Harm     .   v - +0 pair of gloves
MR       .....                  u - +0 pair of boots
Stlth    ++........             (no amulet)
HPRegen  0.14/turn              e - +3 ring of protection
MPRegen  0.18/turn              (no ring)

@: no status effects
A: no striking features
a: Divine Energy, Renounce Religion


You were on level 6 of the Dungeon.
You worshipped Sif Muna.
Sif Muna was aware of your devotion.
You were not hungry.

You visited 2 branches of the dungeon, and saw 7 of its levels.

You collected 179 gold pieces.

Inventory:

Hand Weapons
 i - a +1 short sword of venom (weapon)
 p - a +0 spear of venom
Armour
 a - a +0 robe (worn)
 b - a +0 hat (worn)
 o - a +0 pair of gloves
 u - a +0 pair of boots (worn)
 v - a +0 pair of gloves (worn)
Jewellery
 e - a +3 ring of protection (left hand)
Wands
 q - a wand of flame (14)
 r - a wand of iceblast (7)
Scrolls
 f - 2 scrolls of teleportation {unknown}
 g - 3 scrolls of magic mapping {unknown}
 j - 2 scrolls of fear {unknown}
 l - a scroll of fog {unknown}
 m - 2 scrolls of remove curse {unknown}
 n - 4 scrolls of identify {unknown}
 s - a scroll of amnesia {unknown}
 t - a scroll of random uselessness {unknown}
Potions
 c - a potion of curing
 h - a potion of haste {unknown}
 k - a potion of might {unknown}
Comestibles
 d - 5 rations


   Skills:
 + Level 1.0 Fighting
 * Level 5.0 Dodging
 + Level 3.6 Stealth
 * Level 9.9 Spellcasting
 * Level 5.7 Conjurations
   Level 1.1 Summonings
   Level 1.1 Translocations


You had 25 spell levels left.
You knew the following spells:

 Your Spells              Type           Power        Failure   Level  Hunger
a - Magic Dart            Conj           ####         1%          1    None

Your spell library contained the following spells:

 Spells                   Type           Power        Failure   Level  Hunger
 Blink                    Tloc           N/A          4%          2    None
 Call Imp                 Summ           ###.....     4%          2    None
 Conjure Flame            Conj/Fire      ####....     4%          3    None
 Mephitic Cloud           Conj/Pois/Air  ###.....     6%          3    None
 Slow                     Hex            ##......     7%          2    None


Dungeon Overview and Level Annotations

Branches:
Dungeon (6/15)             Temple (1/1) D:4

Altars:
Ashenzari
Cheibriados
Dithmenos
Elyvilon
Fedhas
Gozag
Hepliaklqana
Kikubaaqudgha
Makhleb
Nemelex Xobeh
Okawaru
Qazlal
Ru
Sif Muna
Trog
Uskayaw
Vehumet
Wu Jian
Xom
Yredelemnul
Zin
The Shining One


Message History

The orc warrior is lightly wounded.
The orc warrior hits you from afar with a +0 glaive.
Casting: Magic Dart (safe; 1% risk of failure)
Confirm with . or Enter, or press ? or * to list all spells.
Aiming: Magic Dart (safe; 1% risk of failure)
Press: ? - help, Shift-Dir - straight line, f/p - orc warrior
Aim: an orc warrior, wielding a +0 glaive and wearing a cursed +0 plate armour (lightly wounded)
The magic dart hits the orc warrior but does no damage.
The orc warrior is lightly wounded.
The orc warrior closely misses you.
Casting: Magic Dart (safe; 1% risk of failure)
Confirm with . or Enter, or press ? or * to list all spells.
Aiming: Magic Dart (safe; 1% risk of failure)
Press: ? - help, Shift-Dir - straight line, f/p - orc warrior
Aim: an orc warrior, wielding a +0 glaive and wearing a cursed +0 plate armour (lightly wounded)
The magic dart hits the orc warrior!
The orc warrior is moderately wounded.
The orc warrior hits you from afar with a +0 glaive!!
Ouch! That really hurt!
You die...

## ...
#### #..
#@.# #...
##.#
#....##o#
#.!.o).o#
#..oo####
#... #..
##


You could see an orc warrior and an orc.

Vanquished Creatures
  A hungry ghost (D:4)
  A sky beast (D:5)
  An ogre (D:5)
  A necrophage (D:6)
  A centaur (D:5)
  A water moccasin skeleton (D:4)
  A scorpion (D:4)
  2 crimson imps (D:5)
  A jelly (D:5)
  3 bullfrog skeletons
  A centaur skeleton (D:4)
  2 orc wizards (D:4)
  2 hounds
  An iguana (D:5)
  2 worker ants
  Ijyb (D:3)
  A hound skeleton (D:4)
  7 gnolls
  2 adders
  A shadow imp (D:5)
  3 worms
  A dart slug (D:2)
  6 leopard geckos
  5 orcs
  9 giant cockroaches
  A goblin (D:3)
  6 hobgoblins
  5 quokkas
  6 bats
  8 frilled lizards
  A jackal skeleton (D:4)
  13 kobolds
  6 rats
103 creatures vanquished.

Vanquished Creatures (others)
  A plant (D:4)
1 creature vanquished.

Grand Total: 104 creatures vanquished

Notes
Turn   | Place    | Note
-------+----------+-------------------------------------------
     0 | D:1      | DorianNounverber the Deep Elf Wizard began the quest for
                  | the Orb.
     0 | D:1      | Reached XP level 1. HP: 10/10 MP: 7/7
   279 | D:1      | Reached XP level 2. HP: 15/15 MP: 4/9
   334 | D:1      | Reached skill level 5 in Spellcasting
  1154 | D:2      | Reached XP level 3. HP: 19/19 MP: 7/12
  2295 | D:3      | Reached XP level 4. HP: 24/24 MP: 9/13
  2460 | D:3      | Reached skill level 6 in Spellcasting
  2466 | D:3      | Found an iron altar of Okawaru.
  2960 | D:3      | Noticed Ijyb
  3035 | D:3      | Killed Ijyb
  3035 | D:3      | Reached XP level 5. HP: 23/28 MP: 2/15
  3375 | D:4      | Noticed a hungry ghost
  3553 | D:4      | Killed a hungry ghost
  3553 | D:4      | Reached skill level 7 in Spellcasting
  3553 | D:4      | Reached XP level 6. HP: 26/33 MP: 9/18
  4256 | D:4      | Reached XP level 7. HP: 37/37 MP: 13/20
  4515 | D:4      | Reached skill level 8 in Spellcasting
  4538 | D:4      | Found a staircase to the Ecumenical Temple.
  4546 | Temple   | Entered the Ecumenical Temple
  4590 | Temple   | Became a worshipper of Sif Muna the Loreminder
  5119 | D:5      | Entered Level 5 of the Dungeon
  5413 | D:5      | Reached skill level 5 in Conjurations
  5473 | D:5      | Reached skill level 9 in Spellcasting
  5494 | D:5      | Reached skill level 1 in Fighting
  5807 | D:5      | Reached XP level 8. HP: 15/43 MP: 17/23
  6028 | D:5      | Reached * piety under Sif Muna
  6767 | D:6      | Reached skill level 5 in Dodging
  7040 | D:6      | Slain by an orc warrior

Skill      XL: |  1  2  3  4  5  6  7  8 |
---------------+-------------------------+-----
Spellcasting   | 5 6 7 9 |  9.9
Dodging        | 3 4 5 |  5.0
Conjurations   | 2 3 4 5 |  5.7
Stealth        | 3 |  3.6
Fighting       | 1 |  1.0
Summonings     | |  1.1
Translocations | |  1.1

Action                   |  1- 3 |  4- 6 |  7- 9 || total
-------------------------+-------+-------+-------++-------
Melee: Spear             |       |       |    11 ||    11
       Short sword       |       |       |     8 ||     8
 Cast: Magic Dart        |   119 |   127 |   147 ||   393
  Eat: Chunk             |     3 |     1 |       ||     4
       Ration            |       |     3 |     3 ||     6
Armor: Robe              |     4 |    12 |    19 ||    35
Dodge: Dodged            |    10 |    28 |    59 ||    97
